 Dungeon Crawl Stone Soup version 0.30-b1-2-g02819fbbbe (webtiles) character file.

Game seed: 109515781030682004

257951 DavidChitty2 the Priest (level 19, -2/165 (186) HPs)
             Began as a Hill Orc Fighter on May 9, 2023.
             Was a Believer of Beogh.
             Hit by a javelin thrown by a merfolk javelineer (13 damage)
             ... on level 1 of the Depths.
             The game lasted 01:11:14 (36817 turns).

DavidChitty2 the Priest (Hill Orc Fighter)         Turns: 36817, Time: 01:11:14

HP:   -2/165 (186)  AC: 30    Str: 31    XL:     19   Next: 85%
MP:   42/42         EV: 10    Int: 10    God:    Beogh [**....]
Gold: 663           SH: 25    Dex:  5    Spells: 18/18 levels left

rFire   + . .        a - +4 broad axe (flame)
rCold   + . .        J - +1 tower shield {AC+3}
rNeg    . . .        U - +2 plate armour {Will+}
rPois   .            S - +0 helmet "Feda" {rElec rC- MP+9 Int+2}
rElec   +            Q - +2 cloak
rCorr   .            P - +0 pair of gloves of Fae Awe {+Blink}
SInv    +            M - +1 pair of boots of the Crypt {rElec rC++ Dex-5}
Will    ++...        Y - amulet of Nacwongi {Reflect Str+6 Dex-2 SH+5} Stlth
                     i - ring of protection from fire
HPRegen 0.47/turn    b - ring of the Octopus King {HP+2 AC+2 EV+2 SH+2 SInv}
MPRegen 0.28/turn

%: reflection
@: studying 2 skills, heavily drained
A: deformed body
}: 2/15 runes: slimy, gossamer
a: Renounce Religion, Evoke Blink, Smiting


You were on level 1 of the Depths.
You worshipped Beogh.
Beogh was pleased with you.
You visited 6 branches of the dungeon, and saw 32 of its levels.
You visited the Abyss 1 time.
You also visited: Ossuary, Ice Cave and Volcano.

You collected 4310 gold pieces.
You spent 3647 gold pieces at shops.

Inventory:

Hand Weapons
 a - a +4 broad axe of flaming (weapon)
   (You found it on level 11 of the Dungeon)
Missiles
 A - 5 throwing nets (quivered) {!f}
Armour
 J - a +1 tower shield of protection (worn)
   (You acquired it on level 7 of the Dungeon)
 M - the +1 pair of boots of the Crypt (worn) {rElec rC++ Dex-5}
   (You found it on level 3 of the Dungeon)

   Dex:       It affects your dexterity (-5).
   rC:        It greatly protects you from cold.
   rElec:     It insulates you from electricity.
 P - the +0 pair of gloves of Fae Awe (worn) {+Blink}
   (You found it on level 1 of the Lair of Beasts)

   +Blink:    It lets you blink.
 Q - a +2 cloak (worn)
   (You found it on level 5 of the Lair of Beasts)
 S - the +0 helmet "Feda" (worn) {rElec rC- MP+9 Int+2}
   (You found it on level 1 of the Spider Nest)

   Int:       It affects your intelligence (+2).
   rC:        It makes you vulnerable to cold.
   rElec:     It insulates you from electricity.
   MP:        It affects your magic capacity (+9).
 U - a +2 plate armour of willpower (worn)
   (You took it off Louise on level 15 of the Dungeon)
Jewellery
 b - a ring of the Octopus King (right hand) {HP+2 AC+2 EV+2 SH+2 SInv}
   (You bought it in a shop on level 1 of the Depths)

   [ring of see invisible]

   AC:        It affects your AC (+2).
   EV:        It affects your evasion (+2).
   HP:        It affects your health (+2).
   SInv:      It lets you see invisible.
   SH:        It affects your SH (+2).
 i - a ring of protection from fire (left hand)
   (You found it on level 4 of the Spider Nest)
 H - a ring of resist corrosion
   (You found it on level 4 of the Spider Nest)
 Y - the amulet of Nacwongi (around neck) {Reflect Str+6 Dex-2 SH+5}
   (You found it on level 5 of the Pits of Slime)

   [amulet of reflection]

   It reflects blocked missile attacks.
   Str:       It affects your strength (+6).
   Dex:       It affects your dexterity (-2).
   SH:        It affects your SH (+5).
Wands
 d - a wand of iceblast (46)
   (You found it on level 5 of the Dungeon)
 t - a wand of flame (109)
   (You found it on level 4 of the Dungeon)
 u - a wand of paralysis (22)
   (You found it on level 7 of the Dungeon)
 v - a wand of digging (32)
   (You found it on level 6 of the Dungeon)
 I - a wand of light (29)
   (You found it on level 7 of the Dungeon)
 N - a wand of mindburst (9)
   (You found it on level 10 of the Dungeon)
 W - a wand of polymorph (26)
   (You found it on level 4 of the Spider Nest)
Scrolls
 e - 3 scrolls of vulnerability {!r}
 g - 3 scrolls of fog
 k - a scroll of brand weapon
 s - 10 scrolls of teleportation {@r4}
 w - 8 scrolls of enchant armour
 x - a scroll of summoning
 C - 2 scrolls of poison {!r}
 D - a scroll of magic mapping
 L - 2 scrolls of fear
 Z - a scroll of silence
Potions
 c - 11 potions of ambrosia
 f - 5 potions of lignification {!q}
 h - 5 potions of cancellation
 m - 3 potions of flight
 n - 2 potions of heal wounds {@q2}
 p - a potion of berserk rage
 q - 10 potions of mutation {!q}
 r - 4 potions of resistance
 y - 6 potions of might
 z - 3 potions of invisibility
 B - 8 potions of attraction {!q}
 E - 19 potions of curing {@q1}
 F - 5 potions of magic
 K - 5 potions of haste {@q3}
Miscellaneous
 G - a phantom mirror
   (You found it on level 2 of the Lair of Beasts)


   Skills:
 * Level 19.8 Fighting
 - Level 18.0 Axes
 + Level 18.1 Armour
 + Level 16.2 Shields
 + Level 20.4 Invocations


You had 18 spell levels left.
You didn't know any spells.
Your spell library contained the following spells:

 Spells                   Type           Power      Damage    Failure   Level
 Freeze                   Ice            0%         1d3       97%         1
 Kiss of Death            Conj/Necr      0%         2d5       97%         1
 Sandblast                Erth           0%         2d4       97%         1
 Sting                    Tmut/Pois      0%         1d3       97%         1
 Summon Small Mammal      Summ           0%         N/A       97%         1
 Cigotuvi's Dreadful Rot  Necr/Pois/Air  0%         N/A       99%         2
 Lesser Beckoning         Tloc           0%         N/A       99%         2
 Passwall                 Tmut/Erth      0%         N/A       99%         2
 Poisonous Vapours        Pois/Air       0%         N/A       99%         2
 Static Discharge         Conj/Air       0%         2-2/arc   99%         2
 Sublimation of Blood     Necr           0%         N/A       99%         2
 Wereblood                Tmut           0%         N/A       99%         2
 Call Canine Familiar     Summ           0%         N/A       100%        3
 Confusing Touch          Hex            0%         N/A       100%        3
 Dazzling Flash           Conj/Hex       0%         N/A       100%        3
 Frozen Ramparts          Ice            0%         1d1       100%        3
 Gell's Gravitas          Tloc           0%         N/A       100%        3
 Hailstorm                Conj/Ice       0%         3d3       100%        3
 Ignite Poison            Fire/Tmut/Pois 0%         N/A       100%        3
 Inner Flame              Hex/Fire       0%         N/A       100%        3
 Ozocubu's Armour         Ice            0%         N/A       100%        3
 Stone Arrow              Conj/Erth      0%         3d7       100%        3
 Summon Guardian Golem    Hex/Summ       0%         N/A       100%        3
 Teleport Other           Tloc           0%         N/A       100%        3
 Volatile Blastmotes      Fire/Tloc      0%         2d10      100%        3
 Airstrike                Air            0%         2d(0-16)  100%        4
 Animate Dead             Necr           0%         N/A       100%        4
 Cause Fear               Hex            0%         N/A       100%        4
 Dispel Undead            Necr           0%         3d6       100%        4
 Flame Wave               Conj/Fire      0%         2d4       100%        4
 Iskenderun's Mystic Bla  Conj/Tloc      0%         2d3       100%        4
 Olgreb's Toxic Radiance  Pois           0%         N/A       100%        4
 Sticky Flame             Conj/Fire      0%         2d3       100%        4
 Summon Ice Beast         Ice/Summ       0%         N/A       100%        4
 Summon Lightning Spire   Summ/Air       0%         N/A       100%        4
 Blade Hands              Tmut           0%         N/A       100%        5
 Fireball                 Conj/Fire      0%         3d3       100%        5
 Freezing Cloud           Conj/Ice/Air   0%         6-21      100%        5
 Irradiate                Conj/Tmut      0%         3d11      100%        5
 Iskenderun's Battlesphe  Conj           0%         2d6       100%        5
 Summon Mana Viper        Hex/Summ       0%         N/A       100%        5
 Yara's Violent Unravell  Hex/Tmut       0%         3d3       100%        5
 Conjure Ball Lightning   Conj/Air       0%         3x3d6     100%        6
 Death Channel            Necr           0%         N/A       100%        6
 Dispersal                Tloc           0%         N/A       100%        6
 Simulacrum               Ice/Necr       0%         N/A       100%        6
 Starburst                Conj/Fire      0%         6d3       100%        6
 Statue Form              Tmut/Erth      0%         N/A       100%        6
 Summon Cactus Giant      Summ           0%         N/A       100%        6
 Dragon Form              Tmut           0%         N/A       100%        7
 Enfeeble                 Hex            0%         N/A       100%        7
 Haunt                    Necr/Summ      0%         N/A       100%        7
 Orb of Destruction       Conj           0%         9d5       100%        7
 Ozocubu's Refrigeration  Ice            0%         4d7       100%        7
 Summon Hydra             Summ           0%         N/A       100%        7
 Borgnjor's Revivificati  Necr           0%         N/A       100%        8
 Discord                  Hex            0%         N/A       100%        8
 Disjunction              Tloc           0%         N/A       100%        8
 Infestation              Necr           0%         N/A       100%        8
 Lehudib's Crystal Spear  Conj/Erth      0%         10d2      100%        8
 Necromutation            Tmut/Necr      0%         N/A       100%        8
 Death's Door             Necr           0%         N/A       100%        9
 Dragon's Call            Summ           0%         N/A       100%        9
 Polar Vortex             Ice            0%         N/A       100%        9


Dungeon Overview and Level Annotations

Branches:
Dungeon (15/15)            Temple (0/1) D:4            Lair (5/5) D:9
  Swamp (0/4) Lair:3       Spider (4/4) Lair:3        Slime (5/5) Lair:5
    Orc (2/2) D:11            Elf (0/3) Orc:2        Vaults (0/5) D:13
 Depths (1/4) D:15        Ossuary (visited)           IceCv (visited)
Volcano (visited)

Altars:
Okawaru
Ru
Trog
Vehumet
Zin
Beogh
Jiyva

Shops:
D:4 !   D:7 :   D:12 (   D:14 =(   Orc:1 *   Orc:2 :=(   Depths:1 =

Portals:
Hell: Depths:1

Annotations:
D:12 3 runed translucent doors, Flippered's ghost, journeyman KoSu; Uvvog's ghost, journeyman GnNe; collin38's ghost, journeyman MiBe; tiocybot's ghost, journeyman GnTm
Lair:4 1 runed translucent door, Fiha's ghost, journeyman VSTm
Spider:2 1 runed translucent door, DavidChitty2's ghost, adept MiFi


Innate Abilities, Weirdness & Mutations

Armour fits poorly on your strangely shaped body.


Message History

* * * LOW HITPOINT WARNING * * *
An ettin comes into view.
It is wielding a +0 great mace and a +0 dire flail.
A deep troll earth mage comes into view.
The deep troll shaman calls upon its god to speed up the deep troll earth mage.
The deep troll earth mage seems to speed up.
A stone giant comes into view.
You are too injured to fight recklessly!
You are too injured to fight recklessly!
You are too injured to fight recklessly!
You are too injured to fight recklessly!
You are too injured to fight recklessly!
You are too injured to fight recklessly!
You are too injured to fight recklessly!
As you read the scroll of teleportation {@r4}, it crumbles to dust.
You feel strangely unstable. The deep troll barely misses you.
You block the deep troll's attack. x2
The tengu reaver hits you with a +2 battleaxe of draining!
* * * LOW HITPOINT WARNING * * *
You feel drained.
* * * LOW HITPOINT WARNING * * *
You block the tengu reaver's attack.
The tengu reaver claws you but does no damage.
The stone giant hits you!!
* * * LOW HITPOINT WARNING * * *
You feel much better. You block the deep troll's attack.
The deep troll claws you but does no damage. x2
You block the deep troll's attack. The deep troll closely misses you.
You block the deep troll's attack.
The tengu reaver hits you with a +2 battleaxe of draining!
* * * LOW HITPOINT WARNING * * *
You feel drained.
* * * LOW HITPOINT WARNING * * *
The tengu reaver pecks you but does no damage.
The tengu reaver claws you but does no damage.
The stone giant hits you!!
* * * LOW HITPOINT WARNING * * *
The deep troll shaman bites you but does no damage.
The deep troll shaman claws you but does no damage. x2
The deep troll earth mage bites you but does no damage.
The deep troll earth mage claws you but does no damage.
The deep troll earth mage claws you!
* * * LOW HITPOINT WARNING * * *
Okay, then.
Blink to where?
As you read the scroll of blinking, it crumbles to dust.
Your surroundings suddenly seem different.
A merfolk javelineer comes into view. It is wielding a +0 spear.
The merfolk javelineer throws a javelin.
The javelin pierces through you!
You die...

##
#...####+####
#....@.....#
#..........#
#............
......
#........~≈..
......
##......~~~..
......
......~m~≈..
......
#......~≈≈≈..
......
#......~≈≈~..
...... ......


You could see a merfolk javelineer.

Vanquished Creatures
  the Royal Jelly (Slime:5)
  Dissolution (Slime:4)
  Arachne (Spider:2)
  A lich (Depths:1)
  11 acid blobs
  Kirke (Lair:4)
  Donald (Spider:1)
  12 azure jellies
  Roxanne (Spider:2)
  6 rockslimes
  A fire giant (D:15)
  4 ghost moths
  Louise (D:15)
  A frost giant (IceCv)
  An emperor scorpion (Spider:4)
  A balrug (Depths:1)
  8 quicksilver oozes
  2 very ugly things (Abyss:3)
  The ghost of Mumum the Arsonist, a journeyman DrFE of Vehumet (Lair:5)
  A broodmother (Spider:4)
  A spark wasp (Spider:4)
  An ettin (Depths:1)
  A fire dragon (Depths:1)
  2 entropy weavers
  4 great orbs of eyes
  2 vault guards (D:13)
  2 hydras (D:14)
  A rakshasa (Depths:1)
  4 radroaches
  2 catoblepae (Lair:5)
  A jorogumo (Spider:4)
  3 boulder beetles
  4 centaur warriors
  3 two-headed ogres
  7 death yaks
  A deep troll earth mage (Depths:1)
  2 thrashing horrors (Abyss:3)
  An orc high priest (Orc:2)
  An iron troll (D:15)
  2 wretched stars (Abyss:3)
  3 pharaoh ants
  A sun demon (Depths:1)
  2 skeletal warriors (D:14)
  A spatial maelstrom (Abyss:2)
  Nergalle (Lair:2)
  2 skysharks
  A sun moth (Spider:2)
  The ghost of phunky83 the Nimble, a novice FeSu of Gozag (Orc:1)
  5 deep trolls
  10 orb spiders
  Pikel (D:7)
  6 steelbarb worms
  An oklob plant (Lair:4)
  3 deep elf pyromancers
  6 cyclopes
  21 wolf spiders
  2 shining eyes
  14 ugly things
  A manticore (D:12)
  5 moths of wrath
  2 eyes of devastation (Slime:5)
  A black mamba (Lair:5)
  11 elephants
  A smoke demon (Depths:1)
  3 gargoyles
  2 ice statues
  An unseen horror (D:13)
  2 demonic crawlers
  10 cane toads
  7 torpor snails
  3 freezing wraiths
  A yaktaur (D:15)
  7 komodo dragons
  A kobold demonologist (D:10)
  2 rime drakes
  2 efreet
  3 trolls
  12 polar bears
  5 meliai
  4 blink frogs (Lair:2)
  16 tarantellas
  Prince Ribbit (D:7)
  6 dream sheep
  50 slime creatures
  3 raiju (Abyss:3)
  A centaur simulacrum (D:13)
  26 culicivoras
  20 jumping spiders
  2 wyverns
  A ynoxinul (Abyss:2)
  5 water elementals
  A wraith (D:12)
  4 fire bats (Volcano)
  A basilisk (D:15)
  55 yaks
  4 large abominations
  3 chaos spawn (Abyss:3)
  A golden eye (Slime:4)
  63 redbacks
  A steam dragon (D:8)
  A spatial vortex (Abyss:2)
  7 vampire mosquitoes
  5 small abominations
  A death yak simulacrum (Lair:5)
  3 swamp worms (Lair:3)
  4 acid dragons
  A naga zombie (Abyss:2)
  6 water moccasins
  2 hell hounds (Volcano)
  A sky beast (D:7)
  8 orc warriors
  4 ice beasts
  A black mamba simulacrum (Lair:5)
  41 wolves
  6 ogres
  A centaur (D:8)
  4 lemures (D:7)
  2 phantoms (D:5)
  5 kobold brigands
  3 bullfrogs
  A two-headed ogre simulacrum (Orc:1)
  A gnoll sergeant (D:10)
  5 scorpions
  10 wights
  2 cane toad simulacra
  4 killer bees (D:8)
  An elephant simulacrum (Orc:1)
  A torpor snail simulacrum (Lair:5)
  6 howler monkeys
  2 electric eels (D:12)
  6 jellies
  6 orc priests
  A gnoll bouda (D:6)
  6 hounds
  3 iguanas
  2 sleepcaps
  10 orc wizards
  A polar bear simulacrum (Orc:1)
  A spriggan simulacrum (Orc:1)
  A troll simulacrum (Orc:1)
  8 mummies (Ossuary)
  11 adders
  19 gnolls
  3 shadow imps
  A white imp (D:6)
  An ufetubus (D:5)
  A worm (D:3)
  32 orcs
  8 endoplasms
  2 giant cockroaches
  2 gnoll zombies (Ossuary)
  11 goblins
  4 hobgoblins
  8 jackals
  5 quokkas
  8 ball pythons
  4 bats
  6 frilled lizards
  2 hobgoblin zombies (Ossuary)
  31 kobolds
  A kobold zombie (Ossuary)
  3 orc zombies (Ossuary)
  5 rats
  A bush (Lair:5)
886 creatures vanquished.

Vanquished Creatures (collateral kills)
  Jorgrun (Spider:1)
  2 acid blobs
  An azure jelly (Slime:5)
  A rockslime (Lair:5)
  3 emperor scorpions
  A quicksilver ooze (Lair:5)
  Nessos (D:14)
  The ghost of Raspi the Cleaver, a journeyman HOFi of Qazlal (D:13)
  A crystal guardian (D:13)
  An entropy weaver (Spider:2)
  2 vault guards (D:13)
  A jorogumo (Spider:4)
  3 hydras
  A radroach (Spider:3)
  2 alligators (Lair:3)
  2 catoblepae
  5 boulder beetles
  3 centaur warriors (D:13)
  Urug (Lair:3)
  A deep troll shaman (Lair:5)
  2 orc high priests (Orc:2)
  3 death yaks (Lair:5)
  A spectral death yak (Lair:5)
  2 sun moths
  2 orb spiders (Spider:4)
  A skeletal warrior (D:14)
  A swamp dragon (Lair:3)
  2 bog bodies (Lair:3)
  A lindwurm (Lair:5)
  5 orc knights
  A deep elf pyromancer (D:14)
  5 wolf spiders
  4 ugly things (D:15)
  An orc sorcerer (D:15)
  A cyclops (D:13)
  A manticore (D:13)
  2 black mambas
  11 elephants
  2 gargoyles (D:12)
  An eye of devastation (shapeshifter) (D:13)
  4 demonic crawlers
  2 komodo dragons (Lair:1)
  5 cane toads
  2 freezing wraiths
  A rime drake (Lair:4)
  A kobold demonologist (D:10)
  An efreet (D:13)
  2 trolls
  2 polar bears (Lair:2)
  5 blink frogs (Lair:2)
  A meliai (Spider:3)
  5 hornets (Spider:4)
  5 tarantellas
  6 dream sheep
  A tyrant leech (Lair:3)
  A vampire (D:13)
  7 jumping spiders
  5 slime creatures
  A centaur simulacrum (D:15)
  2 wraiths
  4 culicivoras
  11 yaks
  A shadow (D:10)
  A wyvern (Lair:3)
  A basilisk (D:13)
  16 redbacks
  A hog (Lair:4)
  9 vampire mosquitoes
  A swamp worm (Lair:3)
  A spectral cane toad (Lair:5)
  2 water moccasins
  2 swamp drakes
  11 orc warriors
  A black bear (Lair:5)
  4 ice beasts (Lair:2)
  2 ogres (Orc:1)
  2 wolves
  A centaur (D:11)
  A kobold brigand (D:10)
  2 bullfrogs
  A two-headed ogre simulacrum (Orc:1)
  8 orc priests
  4 orc wizards
  A gnoll (D:10)
  A naga simulacrum (Orc:1)
  14 orcs
  A kobold (D:10)
246 creatures vanquished.

Vanquished Creatures (others)
  An orc warlord (Slime:5)
  A fire giant (Depths:1)
  2 orc sorcerers
  3 orc high priests
  9 orc knights
  A tarantella (Spider:2)
  10 orc wizards
  A jumping spider (Spider:2)
  28 orc warriors
  2 humans (Lair:4)
  A redback (Spider:2)
  A bullfrog (Lair:4)
  21 orc priests
  69 orcs
  48 fungi
  62 plants
260 creatures vanquished.

Grand Total: 1392 creatures vanquished

Notes
Turn   | Place    | Note
-------+----------+-------------------------------------------
     0 | D:1      | DavidChitty2 the Hill Orc Fighter began the quest for the
                  | Orb.
     0 | D:1      | Reached XP level 1. HP: 19/19 MP: 1/1
   111 | D:1      | Reached XP level 2. HP: 26/27 MP: 2/2
   253 | D:1      | Found a faded altar of an unknown god.
   271 | D:1      | Reached XP level 3. HP: 27/33 MP: 3/3
  1108 | D:2      | Reached XP level 4. HP: 40/40 MP: 4/4
  1554 | D:3      | Reached XP level 5. HP: 47/47 MP: 5/5
  1610 | D:3      | Reached skill level 5 in Axes
  1681 | D:3      | Reached XP level 6. HP: 53/53 MP: 6/6
  1816 | D:3      | Identified the +1 pair of boots of the Crypt {rElec rC++
                  | Dex-5}
  2176 | D:4      | Found a staircase to the Ecumenical Temple.
  2189 | D:4      | Found Guimp's Distillery.
  2351 | D:4      | Found a bloodstained altar of Trog.
  2356 | D:4      | Noticed an orc warrior
  2368 | D:4      | Killed an orc warrior
  2369 | D:4      | Reached skill level 5 in Fighting
  2435 | D:4      | Became a worshipper of Beogh the Brigand
  2479 | D:4      | Reached XP level 7. HP: 25/61 MP: 7/7
  2546 | D:4      | Found a sand-covered staircase.
  2560 | Ossuary  | Entered an ossuary
  2644 | Ossuary  | Reached * piety under Beogh
  2672 | Ossuary  | Reached skill level 5 in Armour
  3118 | D:4      | Reached skill level 5 in Shields
  3118 | D:4      | Reached skill level 1 in Invocations
  3413 | D:5      | Entered Level 5 of the Dungeon
  3513 | D:5      | Reached skill level 2 in Invocations
  3513 | D:5      | Reached XP level 8. HP: 70/70 MP: 9/9
  3942 | D:5      | Reached skill level 3 in Invocations
  4169 | D:5      | Identified the ring "Urcheosm" {Fire rElec Str+3}
  4636 | D:6      | Reached ** piety under Beogh
  4643 | D:6      | Reached XP level 9. HP: 75/78 MP: 11/11
  4651 | D:6      | Reached skill level 4 in Invocations
  4813 | D:6      | Identified the +5 whip "Otax" {heavy, rC+}
  5298 | D:6      | Found a radiant altar of Vehumet.
  5298 | D:6      | Found a sacrificial altar of Ru.
  5590 | D:7      | Reached skill level 10 in Axes
  5592 | D:7      | Found an iron altar of Okawaru.
  5596 | D:7      | Noticed Pikel
  5636 | D:7      | Killed Pikel
  5637 | D:7      | Reached skill level 5 in Invocations
  5670 | D:7      | Identified a scroll of acquirement
  5670 | D:7      | Acquired a +1 tower shield of protection
  5719 | D:7      | Found Jumeluara's Book Emporium.
  5771 | D:7      | Noticed a komodo dragon
  5781 | D:7      | Killed a komodo dragon
  6338 | D:7      | Noticed Prince Ribbit
  6356 | D:7      | Killed Prince Ribbit
  6398 | D:8      | Reached XP level 10. HP: 76/87 MP: 14/14
  6452 | D:8      | Reached skill level 6 in Invocations
  6560 | D:8      | Reached *** piety under Beogh
  6911 | D:8      | Noticed a two-headed ogre
  6917 | D:8      | Killed a two-headed ogre
  7775 | D:9      | Reached skill level 7 in Invocations
  7877 | D:9      | Reached XP level 11. HP: 36/97 MP: 16/16
  8779 | D:9      | Found a staircase to the Lair.
  8845 | D:10     | Entered Level 10 of the Dungeon
  8981 | D:10     | Reached skill level 8 in Invocations
  9622 | D:10     | You fall into a shaft and drop 2 floors!
  9693 | D:12     | Noticed a cyclops
  9703 | D:12     | Killed a cyclops
  9827 | D:12     | Found a runed translucent gate.
  9828 | D:12     | Found a runed translucent gate.
  9829 | D:12     | Found a runed translucent gate.
  9830 | D:12     | Noticed collin38's ghost (journeyman MiBe)
  9830 | D:12     | Noticed Flippered's ghost (journeyman KoSu)
  9831 | D:12     | Noticed Uvvog's ghost (journeyman GnNe)
  9831 | D:12     | Noticed tiocybot's ghost (journeyman GnTm)
 10008 | D:11     | Noticed a two-headed ogre
 10011 | D:11     | Killed a two-headed ogre
 10269 | D:10     | Found a roughly hewn altar of Beogh.
 10433 | D:10     | Found a glowing silver altar of Zin.
 10834 | D:11     | Noticed a cyclops
 10844 | D:11     | Killed a cyclops
 10845 | D:11     | Reached skill level 10 in Fighting
 10845 | D:11     | Reached skill level 9 in Invocations
 11143 | D:11     | Noticed a two-headed ogre
 11152 | D:11     | Killed a two-headed ogre
 11153 | D:11     | Reached XP level 12. HP: 64/106 MP: 18/18
 11174 | D:11     | Reached **** piety under Beogh
 11360 | D:11     | Found a staircase to the Orcish Mines.
 11622 | Lair:1   | Entered Level 1 of the Lair of Beasts
 11914 | Lair:1   | Reached skill level 15 in Axes
 11953 | Lair:1   | Gained Bogwald as an ally
 12340 | Lair:1   | Identified the +0 pair of gloves of Fae Awe {+Blink}
 12508 | Lair:2   | Gained Geork as an ally
 12517 | Lair:2   | Gained Borgun as an ally
 12525 | Lair:2   | You fall into a shaft and drop 1 floor!
 12525 | Lair:3   | Noticed a boulder beetle
 12530 | Lair:3   | Noticed Urug
 12537 | Lair:3   | Killed Urug
 12538 | Lair:3   | Reached skill level 10 in Invocations
 12772 | Lair:3   | Noticed an alligator
 12779 | Lair:3   | Killed an alligator
 12782 | Lair:3   | Your ally Geork died
 12797 | Lair:3   | Reached skill level 10 in Armour
 12798 | Lair:3   | Noticed a five-headed hydra
 12800 | Lair:3   | Killed a four-headed hydra
 12801 | Lair:3   | Reached skill level 10 in Shields
 12859 | Lair:2   | Found a dark tunnel.
 12863 | Volcano  | Entered a volcano
 13063 | Lair:2   | Noticed Nergalle
 13073 | Lair:2   | Killed Nergalle
 13111 | Lair:2   | Reached ***** piety under Beogh
 13152 | Lair:2   | Reached XP level 13. HP: 115/116 MP: 20/20
 13849 | Lair:2   | Identified the +8 quarterstaff of Defiance {freeze, Str+3}
 13953 | Lair:3   | Reached skill level 11 in Invocations
 14350 | Lair:3   | Your ally Borgun died
 14366 | Lair:3   | Found a staircase to the Swamp.
 14788 | Lair:3   | Found a hole to the Spider Nest.
 14967 | Lair:4   | Noticed Kirke
 14972 | Lair:4   | Killed Kirke
 15206 | Lair:4   | Found a runed translucent door.
 15208 | Lair:4   | Noticed Fiha's ghost (journeyman VSTm)
 15503 | Lair:4   | Reached skill level 12 in Invocations
 15911 | Lair:5   | Entered Level 5 of the Lair of Beasts
 15913 | Lair:5   | Found a runed translucent gate.
 15914 | Lair:5   | Found a runed translucent gate.
 15914 | Lair:5   | Found a runed translucent gate.
 15918 | Lair:5   | Noticed Mumum's ghost (journeyman DrFE)
 15994 | Lair:5   | Reached XP level 14. HP: 127/127 MP: 23/23
 16187 | Lair:5   | Found a staircase to the Slime Pits.
 16187 | Lair:5   | Found a viscous altar of Jiyva.
 16263 | Lair:5   | Identified the +9 morningstar of a volcano {holy, +Blink
                  | rF+ Int+3 Dex+2}
 16534 | Lair:5   | Identified the +4 lajatang of the Eggplant {heavy, Drain
                  | Int+3 Stlth+}
 16687 | Lair:5   | Reached skill level 13 in Invocations
 16938 | Lair:5   | Killed Mumum's ghost
 17981 | D:12     | Found Hym Vawi's Antique Weapon Shop.
 18282 | D:13     | Found a runed translucent door.
 18287 | D:13     | Noticed Raspi's ghost (journeyman HOFi)
 18316 | D:13     | Killed Raspi's ghost
 18557 | D:13     | Found a gate to the Vaults.
 18864 | D:13     | Got the Omnibus of the Heated Boggart
 19166 | D:13     | Reached XP level 15. HP: 137/137 MP: 25/25
 19216 | D:13     | Reached skill level 14 in Invocations
 19551 | D:13     | Found the +8 lance "Wyrmbane" {slay drac, rPois rF+ rC+
                  | AC+3}
 19561 | D:13     | Identified the +4 broad axe of a ziggurat {spect, Str-5
                  | Int+6 Dex-2}
 19573 | D:13     | Identified the +8 shortbow of the Shoals {heavy, rF+ rC+
                  | Int-5}
 19616 | D:14     | Found Adoadaych's Antique Weapon Shop.
 19737 | D:14     | Noticed Nessos
 19748 | D:14     | Killed Nessos
 19867 | D:14     | Found Ridudyosch's Jewellery Boutique.
 19914 | D:14     | Bought a ring of poison resistance for 360 gold pieces
 20595 | D:15     | Entered Level 15 of the Dungeon
 21083 | D:15     | Found a staircase to the Depths.
 21083 | D:15     | Noticed a fire giant
 21088 | D:15     | Killed a fire giant
 21242 | D:15     | Noticed Louise
 21243 | Abyss:2  | Cast into level 2 of the Abyss (Louise)
 21533 | Abyss:3  | Reached skill level 15 in Invocations
 21560 | Abyss:3  | Reached skill level 15 in Fighting
 21744 | Abyss:3  | Gained Oreg as an ally
 21745 | Abyss:3  | Your ally Oreg died
 21749 | Abyss:3  | Reached ****** piety under Beogh
 21786 | D:15     | Escaped the Abyss
 21790 | D:15     | Killed Louise
 22104 | D:15     | Gained Ogrik as an ally
 22247 | Orc:1    | Entered Level 1 of the Orcish Mines
 22282 | Orc:1    | Found a large runed translucent door.
 22282 | Orc:1    | Found a large runed translucent door.
 22283 | Orc:1    | Found a frozen archway.
 22305 | IceCv    | Entered an ice cave
 22651 | IceCv    | Reached XP level 16. HP: 149/149 MP: 27/27
 22817 | IceCv    | Gained Boldo as an ally
 22819 | IceCv    | Your ally Boldo died
 22912 | IceCv    | Identified the ring "Iczavykh" {Fly rF- rCorr Stlth+}
 23355 | Orc:1    | Noticed phunky83's ghost (novice FeSu)
 23593 | Orc:1    | Killed phunky83's ghost
 23597 | Orc:1    | Identified the +5 great sword "Qyurut" {vamp, rElec rC-
                  | Str+3 Stlth+}
 23646 | Orc:2    | Entered Level 2 of the Orcish Mines
 23895 | Orc:2    | Gained Milork as an ally
 23896 | Orc:2    | Your ally Milork died
 23901 | Orc:2    | Gained Ortolf as an ally
 23905 | Orc:2    | Your ally Ortolf died
 24119 | Orc:2    | Found Pocicah's Weapon Shop.
 24122 | Orc:2    | Found Sejad's Jewellery Shop.
 24123 | Orc:2    | Found Neofiem's Antique Weapon Shop.
 24124 | Orc:2    | Found Borghax's Book Boutique.
 24299 | Orc:2    | Found a staircase to the Elven Halls.
 24436 | Orc:2    | Found a roughly hewn altar of Beogh.
 24582 | Orc:1    | Found Giesetal's General Store.
 24603 | Orc:1    | Bought the brooch of Shielding {Spirit SH+8} for 650 gold
                  | pieces
 24603 | Orc:1    | Found the brooch of Shielding {Spirit SH+8}
 24841 | Spider:1 | Entered Level 1 of the Spider Nest
 24841 | Spider:1 | Noticed Donald
 24988 | Lair:3   | Reached skill level 16 in Invocations
 25187 | Spider:1 | Killed Donald
 25296 | Spider:1 | Noticed Jorgrun
 25328 | Spider:1 | Killed Jorgrun
 25352 | Spider:1 | Gained Gorm as an ally
 25920 | Spider:1 | Identified the +6 long sword "Vockatz" {freeze, Str+4 Int-3
                  | Dex+2}
 26368 | Spider:1 | Identified the +0 helmet "Feda" {rElec rC- MP+9 Int+2}
 26575 | Spider:1 | Reached skill level 15 in Armour
 26644 | Spider:1 | Reached skill level 15 in Shields
 26847 | Spider:2 | You fall into a shaft and drop 1 floor!
 26857 | Spider:2 | Noticed Arachne
 26864 | Spider:2 | Killed Arachne
 27112 | Spider:2 | Reached skill level 17 in Invocations
 27468 | D:14     | Bought the ring of Ocaklaut {Contam rC++ MP+9 Int+6 SInv}
                  | for 1404 gold pieces
 27665 | Spider:2 | Reached XP level 17. HP: 107/160 MP: 29/29
 27746 | Spider:2 | Gained Oruk as an ally
 27915 | Spider:2 | Identified Roxanne's Anthology of the Rocks
 27915 | Spider:2 | Noticed Roxanne
 27920 | Spider:2 | Killed Roxanne
 28196 | Spider:2 | Found a runed translucent door.
 28196 | Spider:2 | Noticed DavidChitty2's ghost (adept MiFi)
 29590 | Spider:4 | Entered Level 4 of the Spider Nest
 29715 | Spider:4 | Reached skill level 18 in Invocations
 30589 | Spider:4 | Gained Learuk as an ally
 30738 | Spider:4 | Your ally Ogrik died
 30812 | Spider:4 | Reached XP level 18. HP: 172/172 MP: 31/31
 30835 | Spider:4 | Got a gossamer rune of Zot
 31269 | Slime:1  | Entered Level 1 of the Pits of Slime
 31581 | Slime:1  | Paralysed by a great orb of eyes for 2 turns
 31899 | Slime:2  | Reached skill level 19 in Invocations
 31929 | Slime:2  | Reached XP level 19. HP: 133/180 MP: 32/32
 32418 | Slime:5  | Entered Level 5 of the Pits of Slime
 33077 | Slime:5  | Found a viscous altar of Jiyva.
 33220 | Slime:5  | Noticed the Royal Jelly
 33229 | Slime:5  | Your ally Oruk died
 33231 | Slime:5  | Killed the Royal Jelly
 33233 | Slime:5  | Your ally Bogwald died
 33234 | Slime:5  | Your ally Learuk died
 33237 | Slime:5  | Your ally Gorm died
 34055 | Slime:4  | Noticed Dissolution
 34060 | Slime:4  | Killed Dissolution
 34130 | Slime:5  | Found the +5 demon whip "Spellbinder" {antimagic, disrupt,
                  | Will+}
 34317 | Slime:4  | Reached skill level 20 in Invocations
 35186 | Slime:5  | Identified the amulet of Nacwongi {Reflect Str+6 Dex-2
                  | SH+5}
 35534 | Slime:5  | Got the Treatise on United Snow
 35553 | Slime:5  | Got a slimy rune of Zot
 35968 | Depths:1 | Entered Level 1 of the Depths
 36235 | Depths:1 | Found Byklongy's Jewellery Boutique.
 36347 | Depths:1 | Acquired 655 gold pieces
 36366 | Depths:1 | Bought a ring of the Octopus King {HP+2 AC+2 EV+2 SH+2
                  | SInv} for 1233 gold pieces
 36366 | Depths:1 | Found the ring of the Octopus King {HP+2 AC+2 EV+2 SH+2
                  | SInv}
 36367 | Depths:1 | Gained mutation: Armour fits poorly on your strangely
                  | shaped body. [mutagenic glow]
 36530 | Depths:1 | Found a gateway to Hell.
 36817 | Depths:1 | Hit by a javelin thrown by a merfolk javelineer

Illustrated notes

Levels and vault maps discovered:
D:1:      onia_arrival_pentagram, layout_rooms,
          ebering_ecumenical_altar_abandoned, hex_intersection
D:2:      layout_basic
D:3:      layout_basic, minmay_checkerbox
D:4:      layout_cave_pools, mainiacjoe_overflow_cross_hatched,
          minmay_temple_entry_butterflies, lightli_ossuary_entry_decrepit_ruins,
          serial_shops, shop, serial_rivers, chequers_serial_rivers_micro_b,
          chequers_serial_rivers_micro_e, chequers_serial_rivers_small_b,
          chequers_serial_rivers_micro_e, minmay_misc_feat_five,
          guppyfry_early_orc_mine
D:5:      layout_loops_corners, amcnicky_mini_pool_small
D:6:      layout_loops_ring, mainiacjoe_overflow_divided_tiny
D:7:      lemuel_ice_spiral_2, layout_basic, okawaru_gym_becter, serial_shops,
          shop, uniq_prince_ribbit1, uniq_pikel
D:8:      layout_cave_pools
D:9:      layout_layer_cave, hellmonk_lair_entry_icy
D:10:     layout_cave_pods, zin_scriptorium, special_room [special_room_orc]
D:11:     layout_gridville, erik_orc_1, chequers_serial_rivers_micro_c
D:12:     layout_basic, serial_shops, shop, gammafunk_ghost_cemetery
D:13:     layout_basic, lightli_vaults_fourway_checkpoint,
          ebering_ghost_reflecting_pool, minmay_evil_grid
D:14:     layout_long_grid, serial_shops, nicolae_stop_n_shop_2, shop,
          hangedman_abyss_or_decor_clamps, chequers_garden, uniq_nessos
D:15:     grunt_enter_depths_giant_problem, layout_small_grid, uniq_louise
Lair:1:   layout_regular_city, minivault_27
Lair:2:   layout_chaotic_city, nicolae_volcano_entry_lava_flow, ice2_lemuel,
          uniq_nergalle
Lair:3:   onia_ninara_swampy_vault, layout_cave_pods, skrybe_swamp_entry_bodies,
          spider_nest_entry_a, uniq_urug
Lair:4:   layout_regular_city, gammafunk_ghost_grave, beast_lair_carwin_6,
          grunt_megastairs_3, uniq_kirke
Lair:5:   grunt_lair_end_beastmaster, layout_concentric_octagons,
          minmay_slime_entry_pillars, gammafunk_ghost_necromancy
Spider:1: layout_spider_delve, uniq_jorgrun, uniq_donald
Spider:2: layout_spider_delve, gammafunk_ghost_grave,
          nicolae_spider_not_touching_you, uniq_roxanne, uniq_arachne
Spider:3: layout_spider_delve, nicolae_spider_baby_got_redback
Spider:4: spider_rune_water
Slime:1:  layout_caves
Slime:2:  layout_caves
Slime:3:  nicolae_slime_infinislime, layout_caves
Slime:4:  layout_caves, nicolae_slime_phagocytosis, uniq_dissolution
Slime:5
Orc:1:    layout_caves, ebering_ghost_disaster_area, serial_shops, shop,
          portal_ice_cave_entry_ice_simulacra
Orc:2:    st_orc_pillars, layout_diamond_mine, basic_altar
Depths:1: layout_cave_pools, serial_shops, shop,
          nicolae_shop_bloodbath_and_beyond, shop, shop,
          nicolae_take_the_stairs, lightli_too_deep, nicolae_water_bricks,
          evilmike_butchery

Skill      XL: |  1  2  3  4  5  6  7  8  9 10 11 12 13 14 15 16 17 18 19 |
---------------+----------------------------------------------------------+-----
Axes           | 3 4 5 6 7 9 11 12 14 16 18 | 18.0
Fighting       | 4 5 6 7 9 10 11 12 13 15 16 18 19 | 19.8
Armour         | 4 5 6 7 8 9 10 11 12 14 15 16 18 | 18.1
Shields        | 4 5 6 7 8 9 10 11 12 14 15 16 | 16.2
Invocations    | 2 3 5 7 9 10 12 13 15 17 18 19 20 | 20.4

Action                     |  1- 3 |  4- 6 |  7- 9 | 10-12 | 13-15 | 16-18 | 19-21 || total
---------------------------+-------+-------+-------+-------+-------+-------+-------++-------
  Melee: War axe           |   119 |   138 |   312 |   405 |       |       |       ||   974
         Broad axe         |       |       |       |   116 |   833 |   901 |   405 ||  2255
 Invoke: Convert to Beogh  |       |     1 |       |       |       |       |       ||     1
         Smiting           |       |       |       |     9 |    24 |    33 |    37 ||   103
         Recall Orcish Fol |       |       |       |     2 |     3 |    11 |     2 ||    18
         Give Item to Name |       |       |       |       |     1 |     2 |       ||     3
Ability: Evoke Blink       |       |       |       |       |       |       |     1 ||     1
  Evoke: Wand              |       |       |       |     6 |       |     2 |       ||     8
    Use: Scroll            |       |     9 |    16 |     7 |     7 |     3 |     5 ||    47
         Potion            |       |       |       |     1 |     5 |     8 |     5 ||    19
   Stab: Distracted        |       |       |       |     3 |     3 |     1 |       ||     7
         Confused          |       |       |       |     1 |       |       |       ||     1
         Paralysed         |       |       |       |     2 |       |       |       ||     2
         Invisible         |       |       |       |       |       |     2 |       ||     2
 Armour: Scale mail        |    46 |    52 |    14 |       |       |       |       ||   112
         Chain mail        |       |       |    36 |       |       |       |       ||    36
         Plate armour      |       |       |    48 |   221 |   346 |   627 |   291 ||  1533
  Dodge: Dodged            |    55 |    33 |    56 |    58 |    70 |   215 |    90 ||   577
  Block: Buckler           |    22 |       |       |       |       |       |       ||    22
         Kite shield       |    25 |   101 |   177 |       |       |       |       ||   303
         Reflection        |       |     5 |     1 |    12 |    37 |     8 |    13 ||    76
         Tower shield      |       |       |    25 |   549 |   743 |  1215 |   520 ||  3052
